 Dungeon Crawl Stone Soup version 0.28-a0-1518-gbe868bca14 (webtiles) character file.

Game seed: 13415655741507300448

65818 flotson the Fighter (level 14, -13/113 HPs)
             Began as a Demonspawn Gladiator on Jan 17, 2022.
             Was an Initiate of Gozag.
             Killed by divine providence
             ... invoked by an orc high priest
              (14 damage)
             ... on level 2 of the Orcish Mines.
             The game lasted 00:49:11 (28984 turns).

flotson the Fighter (Demonspawn Gladiator)         Turns: 28984, Time: 00:49:12

Health: -13/113    AC: 15    Str: 22    XL:     14   Next: 76%
Magic:  14/14      EV: 29    Int: 10    God:    Gozag
Gold:   6574       SH: 10    Dex: 15    Spells: 13/13 levels left

rFire   + . .      SeeInvis .   a - +7 broad axe (vorpal)
rCold   + . .      Faith    .   c - +0 kite shield
rNeg    . . .      Spirit   .   J - +0 scale mail {rC+}
rPois   +          Reflect  .   B - +2 hat {Will+}
rElec   .          Harm     .   w - scarf {repulsion}
rCorr   +          Rampage  .   x - +2 pair of gloves
Will    ++...                   h - +0 pair of boots
Stlth   +.........              R - amulet of the acrobat
HPRegen 0.28/turn               A - ring of Pyromania {rPois rCorr Str+3 Slay+3}
MPRegen 0.14/turn               L - ring of protection from fire

@: about to teleport, gold aura, acrobatic, repel missiles
A: claws 2, demonic guardian 1, ignite blood 2, augmentation 1, sturdy frame 1
a: Renounce Religion, Potion Petition, Call Merchant, Bribe Branch


You were on level 2 of the Orcish Mines.
You worshipped Gozag.
Gozag was greatly pleased with you.
You visited 4 branches of the dungeon, and saw 20 of its levels.
You also visited: Bailey.

You collected 6799 gold pieces.
You spent 180 gold pieces at shops.
You paid 45 gold pieces to Gozag.

Inventory:

Hand Weapons
 a - a +7 vorpal broad axe (weapon)
 b - a +0 trident
 S - a +2 vampiric hand axe
Missiles
 d - a throwing net
 e - a curare-tipped dart
 r - 24 poisoned darts
 y - 5 javelins
 G - 21 boomerangs (quivered)
 T - a silver boomerang
Armour
 c - a +0 kite shield (worn)
 h - a +0 pair of boots (worn)
 w - a scarf of repulsion (worn)
 x - a +2 pair of gloves (worn)
 B - a +2 hat of willpower (worn)
 J - a +0 scale mail of cold resistance (worn)
Jewellery
 A - the ring of Pyromania (left hand) {rPois rCorr Str+3 Slay+3}
   (You found it on level 5 of the Dungeon)

   [ring of poison resistance]

   Str:       It affects your strength (+3).
   Slay:      It affects your accuracy & damage with ranged weapons and melee
   (+3).
   rPois:     It protects you from poison.
   rCorr:     It protects you from acid and corrosion.
 L - a ring of protection from fire (right hand)
 O - a ring of fire
 R - an amulet of the acrobat (around neck)
Wands
 o - a wand of acid (4)
 H - a wand of polymorph (8)
 P - a wand of iceblast (24)
 Q - a wand of paralysis (11)
Scrolls
 i - 2 scrolls of blinking
 l - 4 scrolls of fog
 n - 2 scrolls of torment {unknown}
 p - 2 scrolls of summoning
 s - 2 scrolls of magic mapping {unknown}
 t - 4 scrolls of fear
 u - a scroll of holy word {unknown}
 z - 4 scrolls of vulnerability
 C - 3 scrolls of enchant armour
 F - 5 scrolls of immolation
 K - 3 scrolls of amnesia {unknown}
 M - a scroll of silence {unknown}
 N - 2 scrolls of noise {unknown}
Potions
 f - 7 potions of haste
 g - 7 potions of heal wounds
 j - 3 potions of mutation
 k - 5 potions of curing
 m - 10 potions of ambrosia
 v - 2 potions of might
 D - 2 potions of invisibility
 E - 5 potions of lignification
 I - 3 potions of flight


   Skills:
 + Level 11.1 Fighting
 + Level 10.2 Axes
 + Level 10.1 Throwing
 + Level 9.9 Armour
 + Level 10.4 Dodging
 + Level 7.4 Shields
 + Level 9.1 Evocations


You had 13 spell levels left.
You didn't know any spells.
Your spell library contained the following spells:

 Spells                   Type           Power      Damage    Failure   Level
 Magic Dart               Conj           0%         1d3       85%         1
 Pain                     Necr           0%         1d4       85%         1
 Call Imp                 Summ           0%         N/A       94%         2
 Searing Ray              Conj           0%         2d4       94%         2
 Sublimation of Blood     Necr           0%         N/A       94%         2
 Call Canine Familiar     Summ           0%         N/A       99%         3
 Dazzling Flash           Conj/Hex       0%         N/A       99%         3
 Mephitic Cloud           Conj/Pois/Air  0%         N/A       99%         3
 Portal Projectile        Hex/Tloc       0%         N/A       99%         3
 Tukima's Dance           Hex            0%         N/A       99%         3
 Fulminant Prism          Conj/Hex       0%         3d6       100%        4
 Iskenderun's Mystic Bla  Conj/Tloc      0%         2d3       100%        4
 Leda's Liquefaction      Hex/Erth       0%         N/A       100%        4
 Passage of Golubria      Tloc           0%         N/A       100%        4
 Petrify                  Tmut/Erth      0%         N/A       100%        4
 Agony                    Necr           0%         N/A       100%        5
 Excruciating Wounds      Necr           0%         N/A       100%        5
 Irradiate                Conj/Tmut      0%         3d13      100%        5
 Iskenderun's Battlesphe  Conj           0%         2d6       100%        5
 Lee's Rapid Deconstruct  Erth           0%         3d5*      100%        5
 Yara's Violent Unravell  Hex/Tmut       0%         3d3       100%        5
 Dispersal                Tloc           0%         N/A       100%        6
 Iron Shot                Conj/Erth      0%         9d1       100%        6
 Starburst                Conj/Fire      0%         6d3       100%        6
 Statue Form              Tmut/Erth      0%         N/A       100%        6
 Spellforged Servitor     Conj/Summ      0%         N/A       100%        7
 Disjunction              Tloc           0%         N/A       100%        8


Dungeon Overview and Level Annotations

Branches:
Dungeon (11/15)            Temple (1/1) D:4            Lair (6/6) D:11
 Shoals (0/4) Lair:2       Spider (0/4) Lair:4        Slime (0/5) Lair:5
    Orc (2/2) D:9             Elf (0/3) Orc:2        Bailey (visited)

Altars:
Ashenzari
Cheibriados
Dithmenos
Elyvilon
Fedhas
Gozag
Hepliaklqana
Kikubaaqudgha
Makhleb
Nemelex Xobeh
Okawaru
Qazlal
Ru
Trog
Uskayaw
Vehumet
Wu Jian
Xom
Yredelemnul
Zin
The Shining One

Shops:
D:5 ?

Portals:
Abyss: Orc:2

Annotations:
Orc:2 2 transporters, AverageBear's ghost, journeyman DDFi


Innate Abilities, Weirdness & Mutations

You have very sharp fingernails.
A weak demonic guardian rushes to your aid.
Your demonic aura often causes spilled blood to erupt in flames.
Your magical and physical power is slightly enhanced at high health.
Your movements are slightly less encumbered by armour. (ER -2)


Message History

The orc high priest is almost dead.
You completely miss the orc warrior. You hit the orc knight.
The orc high priest is engulfed in blazing flames.
You block the orc high priest's attack.
The orc warrior is engulfed in blazing flames.
You kill the orc warrior!
The orc knight is engulfed in blazing flames.
The orc warrior closely misses you.
The orc knight is engulfed in blazing flames.
You block the orc warrior's attack. The orc knight closely misses you.
The orc high priest is distracted by your dazzling golden aura.
The orc high priest is engulfed in blazing flames.
You kill the orc high priest!
The ynoxinul disappears in a puff of smoke!
Unknown command.
As you read the scroll of teleportation, it crumbles to dust.
You feel strangely unstable.
The orc knight is engulfed in blazing flames.
The orc knight is distracted by your dazzling golden aura.
The orc warrior hits you with a +0 hand axe!!
* * * LOW HITPOINT WARNING * * *
The orc knight is engulfed in blazing flames.
The orc warrior is distracted by your dazzling golden aura.
The orc warrior misses you.
The orc knight hits you with a +0 long sword!
* * * LOW HITPOINT WARNING * * *
A demonic guardian appears!
The orc warrior shouts!
The orc high priest shouts!
The orc warrior is no longer distracted by gold.
The orc knight is engulfed in blazing flames.
You kill the orc knight!
The orc warrior sings a few bars from the Orcish anthem.
The orc warrior is engulfed in blazing flames.
The orc knight is engulfed in blazing flames.
The soul eater draws from the surrounding life force!
* * * LOW HITPOINT WARNING * * *
The orc high priest invokes the aid of Beogh against you.
Beogh smites you!
You die...
Your body crumbles into a pile of gold.

#..#...#..# #
#.......## ##
###.#.### .#
#.....# ##
###.#.### ####
#.......##
##.#
#..#...#..#
#..#
#.........##
.#.#
#...#...#oo@#
...#
#.......o°o°#
...#
....#..o#☼☼°5#
...#
........oo○°.#
##.#
...#..o#o.o.#
#..#
.......o34.#
...#
.#...#....#
...#
.........##
#..# .#..
#...#


You could see 2 orc knights, a soul eater (summoned), 3 orc high priests, an
orange demon (summoned), 6 orc warriors and a friendly quasit (summoned).

Vanquished Creatures
  Rupert (Lair:4)
  Kirke (Lair:6)
  A fire dragon (Lair:6)
  Josephine (Lair:4)
  Harold (D:9)
  5 hydras
  Erolcha (Orc:1)
  A boulder beetle (Lair:6)
  2 two-headed ogres
  4 death yaks
  2 orc high priests (Orc:2)
  Nergalle (D:10)
  A lindwurm (Lair:6)
  An orc sorcerer (Orc:1)
  8 orc knights
  3 oklob plants (Lair:5)
  2 cyclopes
  6 elephants (Lair:5)
  An ice statue (D:8)
  Joseph (D:9)
  A merfolk siren (Lair:2)
  4 black mambas (Lair:6)
  2 molten gargoyles (Lair:6)
  14 komodo dragons
  15 cane toads
  3 rime drakes
  Psyche (D:10)
  A kobold demonologist (D:10)
  5 ice devils (D:8)
  5 trolls
  2 polar bears
  A queen bee (Lair:3)
  Prince Ribbit (D:9)
  A tarantella (Lair:4)
  5 dream sheep (Lair:6)
  21 blink frogs
  Sigmund (D:4)
  5 wraiths (Lair:4)
  26 yaks
  9 wyverns
  Eustachio (D:6)
  7 hogs (Lair:6)
  3 steam dragons
  10 basilisks
  Menkaure (D:4)
  An acid dragon (D:11)
  5 hell hounds (Lair:6)
  20 water moccasins
  42 orc warriors
  A sky beast (D:7)
  3 black bears
  A necrophage (D:5)
  4 ogres
  3 centaurs
  12 wolves
  2 kobold brigands
  2 phantoms (D:6)
  7 bullfrogs
  3 scorpions
  28 killer bees
  An electric eel (Lair:2)
  7 wights
  3 centaur zombies
  5 lava snakes (Lair:6)
  A bullfrog zombie (D:5)
  A hound (D:5)
  25 orc priests
  2 jellies (D:7)
  3 gnoll shamans
  A centaur skeleton (D:6)
  5 iguanas
  21 orc wizards
  A killer bee zombie (D:9)
  A hound skeleton (D:4)
  Robin (D:4)
  17 gnolls
  10 adders
  A shadow imp (D:8)
  A white imp (D:7)
  10 ufetubi
  6 worms
  2 dart slugs
  85 orcs
  5 endoplasms
  2 giant cockroaches
  20 goblins
  9 hobgoblins
  6 quokkas
  10 ball pythons
  3 bats
  6 frilled lizards
  27 kobolds
  7 rats
628 creatures vanquished.

Vanquished Creatures (collateral kills)
  Gastronok (D:9)
  A hydra (Lair:6)
  A merfolk (Lair:2)
  An orc priest (D:9)
  An orc wizard (D:3)
  A gnoll (Bailey)
  5 orcs
  A ball python (D:1)
  A goblin (D:4)
  A quokka (D:2)
14 creatures vanquished.

Vanquished Creatures (others)
  37 fungi
  85 plants
  2 withered plants (D:2)
124 creatures vanquished.

Grand Total: 766 creatures vanquished

Notes
Turn   | Place    | Note
-------+----------+-------------------------------------------
     0 | D:1      | flotson the Demonspawn Gladiator began the quest for the
                  | Orb.
     0 | D:1      | Reached XP level 1. HP: 16/16 MP: 1/1
   550 | D:1      | Gained mutation: A weak demonic guardian rushes to your
                  | aid. [demonic ancestry]
   550 | D:1      | Reached XP level 2. HP: 22/22 MP: 2/2
  1160 | D:1      | Gained mutation: You have sharp fingernails. [demonic
                  | ancestry]
  1160 | D:1      | Reached XP level 3. HP: 26/28 MP: 3/3
  1339 | D:2      | Reached skill level 1 in Armour
  1540 | D:2      | Noticed a black bear
  2278 | D:2      | Gained mutation: Your movements are slightly less
                  | encumbered by armour. (ER -2) [demonic ancestry]
  2278 | D:2      | Reached XP level 4. HP: 33/34 MP: 4/4
  2381 | D:2      | Found a faded altar of an unknown god.
  2409 | D:2      | Found a stormy altar of Qazlal.
  2514 | D:2      | Killed a black bear
  2515 | D:2      | Reached skill level 3 in Fighting
  2515 | D:2      | Reached XP level 5. HP: 39/41 MP: 5/5
  3861 | D:4      | Gained mutation: Your demonic aura sometimes causes spilled
                  | blood to erupt in flames. [demonic ancestry]
  3861 | D:4      | Reached XP level 6. HP: 43/47 MP: 6/6
  4043 | D:4      | Noticed Sigmund
  4049 | D:4      | Killed Sigmund
  4295 | D:4      | Noticed Robin
  4566 | D:4      | Killed Robin
  4567 | D:4      | Reached XP level 7. HP: 47/53 MP: 7/7
  4932 | D:4      | Found a staircase to the Ecumenical Temple.
  4937 | Temple   | Entered the Ecumenical Temple
  5215 | Temple   | Became a worshipper of Gozag Ym Sagoz the Greedy
  5449 | D:4      | Noticed Menkaure
  5614 | D:4      | Killed Menkaure
  5615 | D:4      | Reached skill level 4 in Fighting
  5669 | D:5      | Entered Level 5 of the Dungeon
  6396 | D:5      | Gained mutation: You have very sharp fingernails. [demonic
                  | ancestry]
  6396 | D:5      | Reached XP level 8. HP: 56/61 MP: 8/8
  6482 | D:5      | Identified the ring of Pyromania {rPois rCorr Str+3 Slay+3}
  6497 | D:5      | Found Tenaghen's Magic Scroll Shop.
  6501 | D:5      | Bought a scroll of identify for 20 gold pieces
  6501 | D:5      | Bought a scroll of identify for 20 gold pieces
  6501 | D:5      | Bought a scroll of teleportation for 30 gold pieces
  6501 | D:5      | Bought a scroll of fear for 35 gold pieces
  6501 | D:5      | Bought a scroll of blinking for 75 gold pieces
  7115 | D:6      | Reached skill level 5 in Fighting
  7115 | D:6      | Reached skill level 5 in Axes
  7115 | D:6      | Reached skill level 5 in Dodging
  7476 | D:6      | Noticed Eustachio
  7503 | D:6      | Killed Eustachio
  7884 | D:6      | Reached skill level 5 in Throwing
  8014 | D:7      | Found a flagged portal.
  8037 | Bailey   | Entered a bailey
  8061 | Bailey   | Noticed an orc warlord
  8123 | Bailey   | Reached XP level 9. HP: 47/68 MP: 9/9
  8440 | Bailey   | Found a runed translucent gate.
  8440 | Bailey   | Found a runed translucent gate.
  8440 | Bailey   | Found a runed translucent gate.
  8694 | Bailey   | Acquired a +2 vorpal broad axe
  8705 | Bailey   | Identified the +4 long sword "Wuffoumn" {vorpal, rPois
                  | Int+3 Dex+2}
  9093 | D:7      | Found a large runed translucent door.
  9097 | D:7      | Found a large runed translucent door.
  9216 | D:7      | Reached skill level 6 in Fighting
  9216 | D:7      | Reached skill level 5 in Armour
  9424 | D:7      | Reached skill level 1 in Evocations
  9577 | D:7      | Found a shimmering altar of Xom.
 10235 | D:8      | Noticed an ice devil
 10235 | D:8      | Noticed an ice devil
 10238 | D:8      | Noticed an ice statue
 10239 | D:8      | Noticed an ice devil
 10239 | D:8      | Noticed an ice devil
 10240 | D:8      | Noticed an ice devil
 10827 | D:8      | Killed an ice devil
 10968 | D:8      | Killed an ice devil
 10993 | D:8      | Killed an ice devil
 10994 | D:8      | Gained mutation: Your demonic aura often causes spilled
                  | blood to erupt in flames. [demonic ancestry]
 10994 | D:8      | Reached XP level 10. HP: 77/77 MP: 10/10
 11338 | D:9      | Noticed Prince Ribbit
 11349 | D:9      | Found a staircase to the Orcish Mines.
 11350 | D:9      | Killed Prince Ribbit
 11698 | D:9      | Noticed Joseph
 11708 | D:9      | Killed Joseph
 11709 | D:9      | Reached skill level 7 in Fighting
 11882 | D:9      | Noticed Gastronok
 11898 | D:9      | Killed Gastronok
 12222 | D:9      | Noticed Harold
 12233 | D:9      | Killed Harold
 12234 | D:9      | Reached skill level 1 in Shields
 12463 | D:10     | Entered Level 10 of the Dungeon
 12621 | D:10     | Gained mutation: Your magical and physical power is
                  | slightly enhanced at high health. [demonic ancestry]
 12621 | D:10     | Reached XP level 11. HP: 62/85 MP: 11/11
 13264 | D:10     | Noticed Nergalle
 13988 | D:10     | Reached skill level 8 in Fighting
 14143 | D:10     | Noticed Psyche
 14146 | D:10     | Killed Psyche
 14158 | D:10     | Killed Nergalle
 14159 | D:10     | Reached skill level 5 in Evocations
 14822 | D:11     | Noticed a two-headed ogre
 14831 | D:11     | Killed a two-headed ogre
 14833 | D:11     | Found a staircase to the Lair.
 15605 | D:11     | Noticed a skeletal warrior
 15605 | D:11     | Noticed a skeletal warrior
 15609 | D:11     | Noticed a skeletal warrior
 15900 | Lair:1   | Entered Level 1 of the Lair of Beasts
 15918 | Lair:1   | Noticed a five-headed hydra
 15925 | Lair:1   | Killed a five-headed hydra
 16052 | Lair:1   | Reached XP level 12. HP: 82/94 MP: 12/12
 17213 | Lair:2   | Found a staircase to the Shoals.
 17747 | Lair:2   | You fall into a shaft and drop 2 floors!
 17815 | Lair:4   | Noticed Rupert
 17871 | Lair:3   | Reached skill level 9 in Fighting
 18184 | Lair:2   | Noticed a six-headed hydra
 18189 | Lair:2   | Killed a six-headed hydra
 19401 | Lair:3   | Noticed a death yak
 19403 | Lair:3   | Noticed a death yak
 19422 | Lair:3   | Killed a death yak
 19536 | Lair:3   | Noticed a death yak
 19546 | Lair:3   | Noticed a death yak
 19547 | Lair:3   | Killed a death yak
 19557 | Lair:3   | Killed a death yak
 19842 | Lair:2   | Killed a death yak
 19843 | Lair:2   | Reached skill level 5 in Shields
 20354 | Lair:4   | Killed Rupert
 20355 | Lair:4   | Reached XP level 13. HP: 90/101 MP: 13/13
 20605 | Lair:4   | Found a hole to the Spider Nest.
 20685 | Lair:4   | Noticed Josephine
 20688 | Lair:4   | Killed Josephine
 21799 | Lair:5   | Reached skill level 10 in Fighting
 21938 | Lair:5   | Found a staircase to the Slime Pits.
 22690 | Lair:6   | Entered Level 6 of the Lair of Beasts
 22799 | Lair:6   | Noticed Kirke
 22913 | Lair:6   | Killed Kirke
 23120 | Lair:6   | Reached XP level 14. HP: 111/111 MP: 14/14
 23936 | Lair:6   | Reached skill level 10 in Dodging
 24003 | Lair:6   | Found a large runed translucent door.
 24269 | Lair:6   | Found a large runed translucent door.
 25238 | Orc:1    | Entered Level 1 of the Orcish Mines
 25286 | Orc:1    | Reached skill level 10 in Axes
 26005 | Orc:1    | Noticed Erolcha
 26023 | Orc:1    | Killed Erolcha
 26385 | Orc:2    | Entered Level 2 of the Orcish Mines
 26719 | Orc:2    | Found a transporter.
 26884 | Orc:2    | Found a one-way gate to the infinite horrors of the Abyss.
 26884 | Orc:2    | Noticed AverageBear's ghost (journeyman DDFi)
 26894 | Orc:2    | Found a transporter.
 26894 | Orc:2    | Noticed a tentacled starspawn
 26909 | Orc:2    | Noticed a purple very ugly thing
 27119 | Orc:2    | Found a staircase to the Elven Halls.
 27646 | Orc:2    | Reached skill level 10 in Throwing
 27943 | Orc:1    | Reached skill level 11 in Fighting
 28984 | Orc:2    | HP: 1/113 [soul eater/drain life[an orc high priest] (14)]
 28984 | Orc:2    | Killed from afar by an orc high priest

Illustrated notes

Levels and vault maps discovered:
D:1:      lightli_arrival_maybe_door_vault, layout_basic
D:2:      layout_loops_ring, basic_altar, ebering_ecumenical_altar_petrified
D:3:      layout_basic, minmay_circle_x
D:4:      layout_layer_cave, minmay_temple_entry_nine_rooms, uniq_robin,
          uniq_menkaure, uniq_sigmund
D:5:      layout_gridville, serial_shops, shop
D:6:      layout_basic, minmay_fractal_squares_gapless_5, uniq_eustachio
D:7:      layout_gridville, jmf_multi_god_temple2, enter_bailey_2
D:8:      cheibrodos_frozen_isle, layout_basic
D:9:      layout_irregular_city, orc_0_dummy, st_stairs_8,
          chequers_serial_rivers_micro_d, uniq_harold, uniq_joseph,
          uniq_prince_ribbit1, uniq_gastronok
D:10:     layout_basic, uniq_nergalle, uniq_psyche
D:11:     layout_stronghold, minmay_lair_entry_grove, hangedman_decor_opposing,
          minmay_misc_feat_cross
Temple:   mainiacjoe_temple_big_plus
Lair:1:   layout_layer_cave, grunt_megastairs_3
Lair:2:   layout_gridlike, elwin_shoals_entry_rooms
Lair:3:   layout_roguey [special_room_bee], basic_altar
Lair:4:   layout_long_grid, spider_nest_entry_rubble, lemuel_fruit_fields,
          uniq_josephine, uniq_rupert
Lair:5:   layout_cave_pods, minmay_slime_entry_oklob_open
Lair:6:   cheibrodos_lair_end_hotspot, layout_regular_city, serial_bayou_pond_d,
          serial_bayou_lagoon_a, uniq_kirke
Orc:1:    layout_caves, guppyfry_library_mini, uniq_erolcha
Orc:2:    st_orc_pillars, layout_caves, gammafunk_ghost_abyssal_escape,
          minmay_orc_keep

Skill      XL: |  1  2  3  4  5  6  7  8  9 10 11 12 13 14 |
---------------+-------------------------------------------+-----
Throwing       | 2 3 4 5 6 7 8 9 10 | 10.1
Dodging        | 3 4 5 6 7 8 9 10 | 10.4
Axes           | 3 4 5 6 7 8 9 10 | 10.2
Armour         | 1 2 3 4 5 6 7 8 9 |  9.9
Fighting       | 3 4 5 6 7 8 9 10 11 | 11.1
Evocations     | 2 4 5 7 8 9 |  9.1
Shields        | 1 3 5 6 7 |  7.4

Action                   |  1- 3 |  4- 6 |  7- 9 | 10-12 | 13-15 || total
-------------------------+-------+-------+-------+-------+-------++-------
Melee: War axe           |   106 |       |       |       |       ||   106
       Trident           |    17 |   196 |   288 |    75 |     9 ||   585
       Punch             |     1 |     1 |     3 |     1 |       ||     6
       Spear             |       |       |   106 |       |       ||   106
       Broad axe         |       |       |    87 |   239 |   458 ||   784
Throw: Dart              |       |    10 |     6 |     2 |       ||    18
       Javelin           |       |       |    21 |    12 |    16 ||    49
       Boomerang         |       |       |    48 |    60 |   122 ||   230
       Throwing net      |       |       |       |     4 |       ||     4
Evoke: Wand              |       |       |       |    10 |       ||    10
  Use: Scroll            |       |       |    14 |    10 |     6 ||    30
       Potion            |       |       |       |     2 |     4 ||     6
 Stab: Sleeping          |     3 |     3 |       |       |       ||     6
       Distracted        |       |       |     2 |     1 |     1 ||     4
Armor: Leather armour    |    34 |     8 |       |       |       ||    42
       Ring mail         |       |    42 |   115 |    51 |       ||   208
       Scale mail        |       |       |       |    68 |   114 ||   182
Dodge: Dodged            |    92 |   111 |   227 |   235 |   283 ||   948
       Repelled          |       |       |     2 |     5 |     7 ||    14
Block: Kite shield       |       |       |       |   108 |   218 ||   326

Table legend: (Time is in decaauts)
 A = Elapsed time spent in this place.
 B = Non-inter-level travel time spent in this place.
 C = Inter-level travel time spent in this place.
 D = Time resting spent in this place.
 E = Time spent auto-exploring this place.
 F = Levels seen in this place.
 G = Mean time per level.
                   A        B        C        D        E       F      G
               +--------+--------+--------+--------+--------+-----+--------+
         Total |  29426 |  28300 |   1126 |   1945 |  21203 |  21 | 1401.2 |
       Dungeon |  14900 |  14248 |    652 |    911 |  10516 |  11 | 1354.5 |
        Temple |    371 |    340 |     31 |      0 |    325 |   1 |  371.0 |
          Lair |   9435 |   9090 |    345 |    320 |   7525 |   6 | 1572.5 |
  Orcish Mines |   3800 |   3703 |     97 |    711 |   2154 |   2 | 1900.0 |
        Bailey |    918 |    918 |      0 |      2 |    682 |   1 |  918.0 |
               +--------+--------+--------+--------+--------+-----+--------+

Top non-repeatable levels by time:
  Lair:6: 2402 daAuts
     D:8: 2051 daAuts
   Orc:2: 1925 daAuts
   Orc:1: 1874 daAuts
    D:10: 1740 daAuts
  Lair:3: 1635 daAuts
     D:1: 1575 daAuts
  Lair:5: 1537 daAuts
  Lair:1: 1504 daAuts
     D:4: 1485 daAuts
     D:9: 1407 daAuts
     D:3: 1346 daAuts
  Lair:2: 1274 daAuts
     D:5: 1213 daAuts
    D:11: 1183 daAuts
